Map: Base du roi Sejong EC

Players

zidar

  • Race: Zerg Zerg
  • League: Platinum
  • Spawn Location: 5:00

Syldor - Winner!

  • Race: Zerg Zerg
  • Spawn Location: 11:00

VOD

Have the link to the VOD?

Description

Time

  • Played on: Oct. 12, 2016, 10:31 a.m.
  • Length: 8:11
Show
View Real Time Build Order
Export as new Build Order

zidar Zerg 

Build Orders: Pool First 

Get SALT Encoding   

  12  0:01  Drone  
  13  0:12  Overlord  
  13  0:17  Drone  
  14  0:30  Drone x2  
  16  0:45  Spawning Pool  
  16  0:46  Drone  
  16  1:16  Hatchery  
  15  1:19  Drone x2  
  17  1:31  Zergling x4  
  19  1:35  Queen  
  21  1:46  Extractor  
  20  1:51  Roach Warren  
  20  1:52  Zergling x2  
  20  1:55  Zergling x2  
  21  2:17  Overlord  
  21  2:22  Zergling x2  
  22  2:28  Queen  
  24  2:47  Evolution Chamber  
  23  2:51  Extractor  
  23  2:52  Drone x6  
  28  3:17  Drone x3  
  31  3:21  Zerg Missile Weapons Level 1  
  31  3:23  Drone  
  31  3:24  Drone  
  33  3:33  Overlord  
  33  3:54  Roach x4  
  41  3:57  Roach  
  38  4:10  Roach x3  
  42  4:50  Roach  
  44  4:54  Overlord x2  
  44  4:55  Overlord x2  
  44  5:08  Lair  
  36  5:32  Roach  
  36  5:33  Roach x9  
  56  5:42  Ravager  
  57  5:45  Ravager  
  57  5:49  Roach x3  
  64  5:57  Queen  
  52  6:22  Roach x5  
  52  6:23  Roach  
  60  6:58  Ravager  
  61  7:08  Ravager  
  38  7:29  Roach x12  
Show
View Real Time Build Order
Export as new Build Order

Syldor Zerg - Winner!

Build Orders: Pool First 

Get SALT Encoding   

  12  0:01  Drone  
  13  0:12  Overlord  
  13  0:20  Drone  
  14  0:24  Extractor, Drone  
  14  0:36  Drone x2  
  16  0:53  Drone  
  16  0:54  Spawning Pool  
  16  0:58  Drone  
  17  1:07  Overlord  
  17  1:40  Metabolic Boost  
  17  1:45  Hatchery  
  16  1:48  Queen  
  18  1:56  Zergling x4  
  20  2:03  Zergling x2  
  21  2:11  Overlord  
  21  2:24  Drone  
  21  2:29  Queen  
  24  2:32  Zergling x2  
  25  2:54  Zergling x4  
  27  3:03  Drone x4  
  31  3:08  Hatchery  
  30  3:13  Drone x2  
  32  3:22  Queen  
  34  3:34  Drone x5  
  35  3:35  Drone  
  40  3:43  Drone x2  
  40  3:46  Overlord  
  42  4:00  Zergling x2  
  42  4:01  Zergling x2  
  43  4:04  Overlord  
  43  4:05  Overlord x2  
  43  4:17  Zergling x2  
  43  4:18  Zergling x6  
  46  4:32  Zergling x2  
  46  4:33  Zergling x8  
  45  4:45  Zergling x2  
  45  4:46  Zergling x12  
  52  4:56  Hatchery  
  52  4:58  Drone  
  52  4:59  Drone x2  
  54  5:04  Queen  
  56  5:07  Zergling x10  
  52  5:22  Zergling x2  
  52  5:23  Zergling x14  
  53  5:33  Zergling x2  
  53  5:34  Zergling x4  
  55  5:40  Zergling x2  
  55  5:41  Zergling x6  
  59  5:53  Zergling x12  
  64  6:02  Zergling x6  
  63  6:12  Zergling x2  
  63  6:13  Zergling x16  
  63  6:18  Zergling x4  
  68  6:24  Zergling x2  
  68  6:25  Zergling x8  
  59  6:34  Zergling x2  
  59  6:35  Zergling x6  
  60  6:54  Zergling x18  
  61  6:55  Zergling x6  
  62  7:10  Zergling x4  
  62  7:11  Zergling x16  
  62  7:30  Zergling x2  
  62  7:31  Zergling x26  
  76  7:39  Hatchery  
Tags
 
Add a new tag
Caveats
  • Supply blocks, unpowered buildings, or Contaminate may cause inaccurate times.
  • Supply counts are checked every 10 seconds.